 Dungeon Crawl Stone Soup version 0.19.1-1-g22dce08 (webtiles) character file.

273 Alarkh the Chopper (level 6, 36/47 HPs)
             Began as a Demonspawn Monk on Jan 11, 2017.
             Was a Priest of Trog.
             Quit the game on level 3 of the Dungeon.
             The game lasted 00:03:18 (2934 turns).

Alarkh the Chopper (Demonspawn Monk)                Turns: 2934, Time: 00:03:19

Health: 36/47      AC:  5    Str: 11    XL:     6   Next: 3%
Magic:  15/15      EV: 13    Int: 13    God:    Trog [***...]
Gold:   44         SH:  0    Dex: 18    Spells: 0 memorised, 5 levels left

rFire  . . .     SeeInvis .     a - +2 hand axe (venom)
rCold  . . .     Gourm    .     m - +0 animal skin
rNeg   . . .     Faith    .     (no shield)
rPois  .         Spirit   .     (no helmet)
rElec  .         Reflect  .     (no cloak)
rCorr  .         Harm     .     (no gloves)
MR     .....                    p - +2 pair of boots
Stlth  +++.......               (no amulet)
                                (no ring)
                                d - ring of magical power

@: no status effects
A: thin skeletal structure 1, demonic guardian 2, spiny 1
a: Berserk, Trog's Hand, Burn Spellbooks, Renounce Religion


You were on level 3 of the Dungeon.
You worshipped Trog.
Trog was most pleased with you.
You were not hungry.

You visited 1 branch of the dungeon, and saw 3 of its levels.

You collected 44 gold pieces.

Inventory:

Hand Weapons
 a - a +2 hand axe of venom (weapon)
 j - a +0 hand axe
Armour
 b - a +0 robe
 m - a +0 animal skin (worn)
 p - a +2 pair of boots (worn)
Jewellery
 d - a ring of magical power (left hand)
Scrolls
 k - 2 scrolls of magic mapping {unknown}
 n - a scroll of blinking {unknown}
 o - a scroll of fear {unknown}
 s - a scroll of identify {unknown}
Potions
 e - a potion of resistance {unknown}
 h - 2 potions of curing {unknown}
 l - a potion of invisibility {unknown}
 r - a potion of haste {unknown}
Comestibles
 c - a bread ration
 f - 17 chunks of flesh
 g - a beef jerky
 i - 3 slices of pizza
 q - 2 meat rations


   Skills:
 - Level 3.0 Fighting
 + Level 6.2 Axes
 - Level 2.6 Dodging
 - Level 1.7 Stealth


You had 5 spell levels left.
You didn't know any spells.

Dungeon Overview and Level Annotations

Branches:
Dungeon (3/15)

Altars:
Trog


Innate Abilities, Weirdness & Mutations

You have a somewhat thin skeletal structure. (Dex +2, Stealth)
A demonic guardian rushes to your aid.
You are partially covered in sharp spines.


Message History

No target in view!
No target in view!
No target in view!
No target in view!
You butcher the orc corpse.
f - 10 chunks of flesh (gained 2)
Things that are here:
a club; a flail
Things that are here:
a club; a flail
Items here: ))) [[ ††† You butcher the orc corpse.
f - 12 chunks of flesh (gained 2)
You butcher the rat corpse.
f - 13 chunks of flesh (gained 1)
You butcher the orc corpse.
f - 17 chunks of flesh (gained 4)
Items here: ))) [[ ÷÷ x2
A frilled lizard comes into view.
Are you sure you want to abandon this character and quit the game? (Confirm with "yes".)

.l ## .. .
...### .#..#
...# ..# #.#
##@# #..# ##.##
#..# #)## #)#
#.#
#############.#
..........(...#


You could see a frilled lizard (wandering).

Vanquished Creatures
  An orc priest (D:3)
  Natasha (thrice) (D:2)
  5 adders
  An ooze (D:1)
  3 worms (D:2)
  3 dart slugs
  2 leopard geckos (D:1)
  9 orcs (D:3)
  3 giant cockroaches
  7 goblins
  5 hobgoblins
  7 kobolds
  7 bats
  8 frilled lizards
  5 rats
69 creatures vanquished.

Vanquished Creatures (collateral kills)
  Jessica (D:2)
  An adder (D:2)
2 creatures vanquished.

Grand Total: 71 creatures vanquished

Notes
Turn   | Place    | Note
-------+----------+-------------------------------------------
     0 | D:1      | Alarkh the Demonspawn Monk began the quest for the Orb.
     0 | D:1      | Reached XP level 1. HP: 18/18 MP: 1/1
   163 | D:1      | Reached skill level 3 in Axes
   232 | D:1      | Gained mutation: A weak demonic guardian rushes to your aid. [demonic ancestry]
   232 | D:1      | Reached XP level 2. HP: 4/24 MP: 2/2
   696 | D:1      | You fall through a shaft!
   938 | D:3      | Reached XP level 3. HP: 26/29 MP: 3/3
  1195 | D:2      | Found a bloodstained altar of Trog.
  1199 | D:2      | Became a worshipper of Trog the Wrathful
  1199 | D:2      | Reached * piety under Trog
  1199 | D:2      | Reached ** piety under Trog
  1235 | D:2      | Noticed Jessica
  1240 | D:2      | Killed Jessica
  1240 | D:2      | Reached skill level 4 in Axes
  1241 | D:2      | Gained mutation: You have a somewhat thin skeletal structure. (Dex +2, Stealth) [demonic ancestry]
  1241 | D:2      | Reached XP level 4. HP: 18/35 MP: 4/4
  1639 | D:2      | Noticed Natasha
  1651 | D:2      | Killed Natasha
  1651 | D:2      | Reached skill level 5 in Axes
  1860 | D:1      | Gained mutation: A demonic guardian rushes to your aid. [demonic ancestry]
  1860 | D:1      | Reached XP level 5. HP: 38/41 MP: 5/5
  2120 | D:2      | Noticed Natasha
  2131 | D:2      | Killed Natasha
  2540 | D:2      | Noticed Natasha
  2552 | D:2      | Killed Natasha
  2827 | D:3      | Reached *** piety under Trog
  2827 | D:3      | Reached skill level 6 in Axes
  2920 | D:3      | Gained mutation: You are partially covered in sharp spines. [demonic ancestry]
  2920 | D:3      | Reached XP level 6. HP: 34/47 MP: 6/6
  2934 | D:3      | Quit the game

Skill      XL: |  1  2  3  4  5 |
---------------+----------------+-----
Axes           | 3 4 5 6 |  6.2
Fighting       | |  3.0
Dodging        | |  2.6
Stealth        | |  1.7

Action                   |  1- 3 |  4- 6 || total
-------------------------+-------+-------++-------
Melee: Hand axe          |    71 |   108 ||   179
Invok: Berserk           |       |     1 ||     1
 Stab: Sleeping          |     4 |     5 ||     9
  Eat: Chunk             |     1 |     6 ||     7
Armor: Robe              |     4 |       ||     4
       Animal skin       |       |    16 ||    16
Dodge: Dodged            |    49 |    55 ||   104
